Barracuda vs Thunderbirds
Created - February 8, 2025 at 22:49
Goals
|
| Barracuda |
2 |
0 |
2 |
1 |
5 |
| Thunderbirds |
0 |
2 |
2 |
0 |
4 |
|
Shots
|
| Barracuda |
10 |
14 |
9 |
2 |
35 |
| Thunderbirds |
5 |
11 |
14 |
0 |
30 |
|
1st period
1. Barracuda , Kurtis Macdermid 33 (Emil Pettersson 45) at 10:33
2. Barracuda , Cole Ully 16 (Kyle Platzer 10) at 13:23
Penalties :
Joachim Blichfeld (Spr) for Hooking (Minor) at 13:30, Jaedon Descheneau (S.J) for High sticking (Minor) at 13:59
2nd period
3. Thunderbirds , Dylan Sikura 12 (Anthony Richard 22) at 3:55
4. Thunderbirds , Artturi Lehkonen 7 (Emil Bemstrom 14, Henri Jokiharju 14) at 10:27
Penalties :
Emil Bemstrom (Spr) for Delaying the game (Minor) at 0:57, Frederic Allard (Spr) for High sticking (Minor) at 12:17
3rd period
5. Thunderbirds , Anthony Richard 9 (Dylan Sikura 16, Michael Rasmussen 11) at 0:50
6. Barracuda , Kyle Platzer 8 (Cole Ully 9, Nikolai Kovalenko 6) at 5:43
7. Barracuda , Kyle Platzer 9 (Alex Henriksson 10, Theodor Blueger 28) at 19:30
8. Thunderbirds , Pierre Engvall 7 (Rourke Chartier 42, Joachim Blichfeld 30) at 19:38
Penalties :
No Penalty
Overtime #1
9. Barracuda , Mac Hollowell 1 (Theodor Blueger 29, William Carrier 35) at 3:02
Penalties :
No Penalty
Goalie Stats
Kevin Mandolese (S.J), 26 saves from 30 shots - (0.867), W, 4-2-0, 63:02 minutes
Emil Larmi (Spr), 30 saves from 35 shots - (0.857), OTL, 17-13-2, 62:58 minutes
Players Stats for Barracuda
Player Name G A P +/- PIM S H SB GA TA FO MP PP MP PK MP
------------------------------------------------------------------------------------
Alex Henriksson 0 1 1 1 0 2 0 0 1 0 0/0 10:54 0:00 0:25
Alex Lintuniemi 0 0 0 0 0 1 0 0 0 0 0/0 13:25 0:00 0:00
Alexei Toropchenko 0 0 0 0 0 0 1 0 0 0 0/0 9:15 0:00 0:00
Brett Kulak 0 0 0 1 0 3 2 0 2 2 0/0 28:32 3:02 0:29
Cole Ully 1 1 2 1 0 4 0 0 1 0 0/0 13:25 0:00 0:00
Dennis Cholowski 0 0 0 0 0 0 0 0 0 1 0/0 13:25 0:00 0:00
Emil Pettersson 0 1 1 0 0 1 1 0 0 1 22/37 22:06 2:52 0:04
Jacob Peterson 0 0 0 0 0 3 0 0 0 0 1/2 9:22 0:00 0:07
Jaedon Descheneau 0 0 0 -2 2 0 0 0 0 0 0/0 15:59 1:34 0:00
Jordan Gross 0 0 0 -1 0 0 2 1 0 0 0/0 19:37 1:25 0:00
Kurtis Macdermid 1 0 1 0 0 8 4 0 1 1 1/2 22:12 2:52 0:04
Kyle Platzer 2 1 3 3 0 4 0 0 0 0 1/6 13:18 0:00 0:13
Luke Martin 0 0 0 -1 0 3 0 2 1 0 0/0 19:15 1:25 0:00
Mac Hollowell 1 0 1 2 0 1 0 1 0 1 0/0 28:48 3:02 0:29
Nikolai Kovalenko 0 1 1 1 0 1 1 0 0 0 0/0 12:26 0:00 0:00
Theodor Blueger 0 2 2 0 0 1 3 0 0 0 3/6 17:40 1:35 0:05
Thomas Gobeil 0 0 0 0 0 0 2 1 0 0 0/0 20:05 2:52 0:00
William Carrier 0 1 1 -2 0 3 1 0 0 0 1/1 17:22 1:35 0:00
Players Stats for Thunderbirds
Player Name G A P +/- PIM S H SB GA TA FO MP PP MP PK MP
------------------------------------------------------------------------------------
Anthony Richard 1 1 2 2 0 2 1 0 0 1 7/9 17:40 0:22 1:04
Artturi Lehkonen 1 0 1 -2 0 3 1 0 0 0 0/0 13:11 0:00 0:23
Dylan Blujus 0 0 0 0 0 3 0 0 0 0 0/0 22:30 0:10 1:13
Dylan Sikura 1 1 2 2 0 1 2 0 1 0 1/1 17:19 0:00 1:04
Emil Bemstrom 0 1 1 -1 2 2 1 1 1 0 0/0 12:41 0:08 0:00
Frederic Allard 0 0 0 -2 2 1 1 0 0 1 0/0 15:38 0:00 0:37
Henri Jokiharju 0 1 1 1 0 0 2 2 0 1 0/0 24:22 0:00 3:18
Jeremy Lauzon 0 0 0 0 0 2 2 6 0 2 0/0 26:39 0:19 3:46
Joachim Blichfeld 0 1 1 0 2 2 2 2 1 1 0/1 18:57 0:21 0:00
Matt Roy 0 0 0 1 0 3 1 2 1 0 0/0 18:26 0:19 0:00
Michael Rasmussen 0 1 1 2 0 1 0 0 1 0 1/2 15:57 0:07 0:00
Paul Cotter 0 0 0 -1 0 1 1 0 0 0 0/0 8:19 0:00 0:00
Pierre Engvall 1 0 1 -1 0 4 2 0 0 0 1/1 22:37 0:22 3:00
Rasmus Kupari 0 0 0 -1 0 1 2 0 0 0 0/0 8:38 0:00 0:00
Rourke Chartier 0 1 1 0 0 3 0 1 0 0 8/23 19:41 0:07 0:00
Sami Niku 0 0 0 -1 0 0 0 1 1 0 0/0 15:27 0:10 0:00
Trent Frederic 0 0 0 -1 0 0 0 0 0 0 6/16 16:18 0:00 2:57
Trey Fix-Wolansky 0 0 0 -1 0 1 0 0 0 0 1/1 8:46 0:00 0:26
3 Stars
1 - Kyle Platzer (S.J)
2 - Dylan Sikura (Spr)
3 - Anthony Richard (Spr)
Power Play
Barracuda - 0 on 3 Attempt(s) - 0.00%
Thunderbirds - 0 on 1 Attempt(s) - 0.00%
Penalty Kill
Barracuda - 1 on 1 Attempt(s) - 100.00%
- Score 0 goal in Penalty Kill
Thunderbirds - 3 on 3 Attempt(s) - 100.00%
- Score 0 goal in Penalty Kill
Team Stat
Barracuda - Hits : 17 - Faceoff Wins : 29 - Blocked Shots : 5 - Penalty Minutes : 2
Thunderbirds - Hits : 18 - Faceoff Wins : 25 - Blocked Shots : 15 - Penalty Minutes : 6
Official
Referees : Chris Lee and Michael Markovic
Linesman : Brad Kovachik and Brian Mach
Game Notes
19:38 of 3rd period - Thunderbirds goal is going for a video replay. After video review, Goal.
Finance
Level 1 -- Attendance: 1941 (97.05%) -- Ticket Income $135,870
Level 2 -- Attendance: 908 (90.80%) -- Ticket Income $36,320
Total Attendance: 2849 (94.97%)
Total Ticket Income: $172,190
Other Income: $8,610
Total Income: $180,800
Barracuda
5 vs 5 Forward
Center Left Wing Right Wing Time % Phy DF OF
1 Emil Pettersson Kurtis Macdermid Thomas Gobeil 40 1 2 2
2 Theodor Blueger William Carrier Jaedon Descheneau 30 1 2 2
3 Kyle Platzer Cole Ully Nikolai Kovalenko 20 1 2 2
4 Jacob Peterson Alex Henriksson Alexei Toropchenko 10 1 2 2
5 vs 5 Defense
Defense Defense Time % Phy DF OF
1 Brett Kulak Mac Hollowell 40 1 2 2
2 Jordan Gross Luke Martin 30 1 2 2
3 Alex Lintuniemi Dennis Cholowski 20 1 2 2
4 Brett Kulak Mac Hollowell 10 1 2 2
PowerPlay Forward
Center Left Wing Right Wing Time % Phy DF OF
1 Emil Pettersson Kurtis Macdermid Thomas Gobeil 60 0 2 3
2 Theodor Blueger William Carrier Jaedon Descheneau 40 0 2 3
PowerPlay Defense
Defense Defense Time % Phy DF OF
1 Brett Kulak Mac Hollowell 60 0 2 3
2 Jordan Gross Luke Martin 40 0 2 3
Penalty Kill 4 Players Forward
Center Wing Time % Phy DF OF
1 Emil Pettersson Kurtis Macdermid 60 1 4 0
2 Theodor Blueger William Carrier 40 1 4 0
Penalty Kill 4 Players Defense
Defense Defense Time % Phy DF OF
1 Brett Kulak Mac Hollowell 60 1 4 0
2 Jordan Gross Luke Martin 40 1 4 0
Penalty Kill - 3 Players Forward
Forward Time % Phy DF OF
1 Emil Pettersson 60 1 4 0
2 Theodor Blueger 40 1 4 0
Penalty Kill - 3 Players Defense
Defense Defense Time % Phy DF OF
1 Brett Kulak Mac Hollowell 60 1 4 0
2 Jordan Gross Luke Martin 40 1 4 0
4 vs 4 Forward
Center Wing Time % Phy DF OF
1 Emil Pettersson Kurtis Macdermid 60 1 2 2
2 Theodor Blueger William Carrier 40 1 2 2
4 vs 4 Defense
Defense Defense Time % Phy DF OF
1 Brett Kulak Mac Hollowell 60 1 2 2
2 Jordan Gross Luke Martin 40 1 2 2
Last Minutes Offensive
Center Left Wing Right Wing Defense Defense
Emil Pettersson Kurtis Macdermid Thomas Gobeil Brett Kulak Mac Hollowell
Last Minutes Defensive
Center Left Wing Right Wing Defense Defense
Emil Pettersson Kurtis Macdermid Thomas Gobeil Brett Kulak Mac Hollowell
Goaltenders
Starting : Kevin Mandolese
Backup : Filip Larsson
Extra Forwards
Normal : Theodor Blueger, Alex Henriksson, Kyle Platzer - PP : Theodor Blueger, Alex Henriksson - PK : Theodor Blueger
Extra Defensemen
Normal : Luke Martin, Alex Lintuniemi, Dennis Cholowski - PP : Luke Martin - PK : Luke Martin, Alex Lintuniemi
Penalty Shots
Kurtis Macdermid, William Carrier, Emil Pettersson, Cole Ully, Theodor Blueger
Custom OT Lines Forwards
Kurtis Macdermid, William Carrier, Emil Pettersson, Cole Ully, Theodor Blueger, Alex Henriksson, Kyle Platzer, Thomas Gobeil, Jacob Peterson, Jaedon Descheneau
Custom OT Lines Defensemen
Brett Kulak, Mac Hollowell, Jordan Gross, Luke Martin, Alex Lintuniemi
Scratches
Ryan Merkley (Healthy), Robin Norell (Bruised Right Leg Injury), Bode Wilde (Healthy), Noah Gregor (Healthy), Beck Malenstyn (Healthy)
Adam Edstrom (Healthy), Adam Beckman (Healthy), Angus Crookshank (Healthy), Joni Ortio (Healthy)
Thunderbirds
5 vs 5 Forward
Center Left Wing Right Wing Time % Phy DF OF
1 Rourke Chartier Pierre Engvall Joachim Blichfeld 40 1 2 2
2 Anthony Richard Michael Rasmussen Dylan Sikura 30 1 2 2
3 Trent Frederic Artturi Lehkonen Emil Bemstrom 20 1 2 2
4 Rasmus Kupari Paul Cotter Trey Fix-Wolansky 10 1 2 2
5 vs 5 Defense
Defense Defense Time % Phy DF OF
1 Jeremy Lauzon Henri Jokiharju 40 1 2 2
2 Dylan Blujus Matt Roy 30 1 2 2
3 Frederic Allard Sami Niku 20 1 2 2
4 Jeremy Lauzon Dylan Blujus 10 1 2 2
PowerPlay Forward
Center Left Wing Right Wing Time % Phy DF OF
1 Rourke Chartier Michael Rasmussen Joachim Blichfeld 60 1 2 2
2 Anthony Richard Pierre Engvall Emil Bemstrom 40 1 2 2
PowerPlay Defense
Defense Defense Time % Phy DF OF
1 Sami Niku Jeremy Lauzon 60 1 2 2
2 Matt Roy Henri Jokiharju 40 1 2 2
Penalty Kill 4 Players Forward
Center Wing Time % Phy DF OF
1 Trent Frederic Pierre Engvall 60 1 2 2
2 Anthony Richard Dylan Sikura 40 1 2 2
Penalty Kill 4 Players Defense
Defense Defense Time % Phy DF OF
1 Henri Jokiharju Jeremy Lauzon 60 1 2 2
2 Dylan Blujus Frederic Allard 40 1 2 2
Penalty Kill - 3 Players Forward
Forward Time % Phy DF OF
1 Trent Frederic 60 1 2 2
2 Anthony Richard 40 1 2 2
Penalty Kill - 3 Players Defense
Defense Defense Time % Phy DF OF
1 Dylan Blujus Henri Jokiharju 60 1 2 2
2 Jeremy Lauzon Frederic Allard 40 1 2 2
4 vs 4 Forward
Center Wing Time % Phy DF OF
1 Rourke Chartier Michael Rasmussen 60 1 2 2
2 Anthony Richard Pierre Engvall 40 1 2 2
4 vs 4 Defense
Defense Defense Time % Phy DF OF
1 Henri Jokiharju Dylan Blujus 60 1 2 2
2 Matt Roy Jeremy Lauzon 40 1 2 2
Last Minutes Offensive
Center Left Wing Right Wing Defense Defense
Rourke Chartier Pierre Engvall Joachim Blichfeld Jeremy Lauzon Sami Niku
Last Minutes Defensive
Center Left Wing Right Wing Defense Defense
Trent Frederic Artturi Lehkonen Pierre Engvall Henri Jokiharju Frederic Allard
Goaltenders
Starting : Emil Larmi
Backup : Magnus Hellberg
Extra Forwards
Normal : Rasmus Kupari, Dylan Sikura, Trey Fix-Wolansky - PP : Trent Frederic, Artturi Lehkonen - PK : Trey Fix-Wolansky
Extra Defensemen
Normal : Frederic Allard, Sami Niku, Jeremy Lauzon - PP : Sami Niku - PK : Frederic Allard, Dylan Blujus
Penalty Shots
Rourke Chartier, Anthony Richard, Joachim Blichfeld, Trey Fix-Wolansky, Rasmus Kupari
Custom OT Lines Forwards
Rourke Chartier, Pierre Engvall, Dylan Sikura, Joachim Blichfeld, Anthony Richard, Trent Frederic, Artturi Lehkonen, Michael Rasmussen, Emil Bemstrom, Paul Cotter
Custom OT Lines Defensemen
Jeremy Lauzon, Henri Jokiharju, Dylan Blujus, Frederic Allard, Matt Roy
Scratches
Nathan Smith (Healthy), Calen Addison (Healthy), Alex Vlasic (Healthy), Jakob Pelletier (Healthy), Rafael Harvey-Pinard (Healthy)
Nicholas Robertson (Healthy), Arturs Silovs (Healthy)
% Time on Ice - Barracuda
Lines # - Real PCT - Wanted PCT - Time Play
Normal Forward
1 - 33% - 40% - 17:25
2 - 27% - 30% - 14:20
3 - 23% - 20% - 12:26
4 - 17% - 10% - 9:15
Normal Defense
1 - 38% - 40% - 20:21
2 - 32% - 30% - 16:59
3 - 25% - 20% - 13:25
4 - 5% - 10% - 2:41
PP Forward
1 - 64% - 60% - 2:52
2 - 36% - 40% - 1:35
PP Defense
1 - 68% - 60% - 3:02
2 - 32% - 40% - 1:25
PK Forward
1 - 100% - 60% - 0:29
2 - 0% - 40% - 0:00
PK Defense
1 - 100% - 60% - 0:29
2 - 0% - 40% - 0:00
PK3 Forward
1 - 0% - 60%
2 - 0% - 40%
PK3 Defense
1 - 0% - 60%
2 - 0% - 40%
44 Forward
1 - 78% - 60% - 1:10
2 - 22% - 40% - 0:20
44 Defense
1 - 43% - 60% - 0:39
2 - 57% - 40% - 0:51
Last Minute Offensive - 0:00
Last Minute Defensive - 0:08
Total
Forward - 60:00
Defense - 60:00
|
% Time on Ice - Thunderbirds
Lines # - Real PCT - Wanted PCT - Time Play
Normal Forward
1 - 33% - 40% - 17:32
2 - 28% - 30% - 15:05
3 - 23% - 20% - 12:30
4 - 16% - 10% - 8:19
Normal Defense
1 - 35% - 40% - 18:41
2 - 33% - 30% - 17:35
3 - 28% - 20% - 15:01
4 - 4% - 10% - 2:09
PP Forward
1 - 24% - 60% - 0:07
2 - 76% - 40% - 0:22
PP Defense
1 - 34% - 60% - 0:10
2 - 66% - 40% - 0:19
PK Forward
1 - 76% - 60% - 3:23
2 - 24% - 40% - 1:04
PK Defense
1 - 73% - 60% - 3:14
2 - 27% - 40% - 1:13
PK3 Forward
1 - 0% - 60%
2 - 0% - 40%
PK3 Defense
1 - 0% - 60%
2 - 0% - 40%
44 Forward
1 - 76% - 60% - 1:08
2 - 24% - 40% - 0:22
44 Defense
1 - 63% - 60% - 0:57
2 - 37% - 40% - 0:33
Last Minute Offensive - 0:08
Last Minute Defensive - 0:00
Total
Forward - 60:00
Defense - 60:00
|
Play-by-Play
1st period
0:01 of 1st period - Rourke Chartier wins face-off versus Emil Pettersson in neutral zone.
0:47 of 1st period - Off-side.
0:48 of 1st period - Trent Frederic wins face-off versus Kyle Platzer in neutral zone.
0:59 of 1st period - Snap shot by Emil Bemstrom.
0:59 of 1st period - Stopped by Kevin Mandolese with a rebound.
1:13 of 1st period - Matt Roy is hit by Kurtis Macdermid and loses puck.
2:35 of 1st period - Snap shot by Paul Cotter.
2:35 of 1st period - Stopped by Kevin Mandolese with a rebound.
2:37 of 1st period - Snap shot by Sami Niku.
2:37 of 1st period - Shot Misses the Net.
2:59 of 1st period - Snap shot by Joachim Blichfeld.
2:59 of 1st period - Stopped by Kevin Mandolese without a rebound.
3:00 of 1st period - Rourke Chartier wins face-off versus Jacob Peterson in Barracuda zone.
3:27 of 1st period - Snap shot by Jacob Peterson.
3:27 of 1st period - Shot Misses the Net.
3:29 of 1st period - Snap shot by Jacob Peterson.
3:29 of 1st period - Stopped by Emil Larmi with a rebound.
3:51 of 1st period - Wrist shot by Alex Henriksson.
3:51 of 1st period - Shot Misses the Net.
5:13 of 1st period - Snap shot by Brett Kulak.
5:13 of 1st period - Stopped by Emil Larmi without a rebound.
5:14 of 1st period - Emil Pettersson wins face-off versus Anthony Richard in Thunderbirds zone.
5:15 of 1st period - Snap shot by Kurtis Macdermid.
5:15 of 1st period - Stopped by Emil Larmi without a rebound.
5:16 of 1st period - Michael Rasmussen wins face-off versus Kurtis Macdermid in Thunderbirds zone.
5:47 of 1st period - Snap shot by Artturi Lehkonen.
5:47 of 1st period - Shot Misses the Net.
6:21 of 1st period - Kurtis Macdermid is hit by Frederic Allard and loses puck.
6:52 of 1st period - Icing by Trent Frederic.
6:53 of 1st period - Anthony Richard wins face-off versus Kyle Platzer in Thunderbirds zone.
7:25 of 1st period - Jeremy Lauzon is hit by Kurtis Macdermid and loses puck.
8:55 of 1st period - Slapshot by Trey Fix-Wolansky.
8:55 of 1st period - Shot Misses the Net.
9:41 of 1st period - Wrist shot by Emil Bemstrom.
9:41 of 1st period - Deflect By Artturi Lehkonen.
9:41 of 1st period - Shot Misses the Net.
9:41 of 1st period - Puck is out of play.
9:42 of 1st period - Emil Pettersson wins face-off versus Trent Frederic in Barracuda zone.
10:31 of 1st period - Snap shot by Kurtis Macdermid.
10:31 of 1st period - Shot Misses the Net.
10:33 of 1st period - Snap shot by Emil Pettersson.
10:33 of 1st period - Deflect By Kurtis Macdermid.
10:33 of 1st period - Goal by Kurtis Macdermid - Barracuda : 1 - Thunderbirds : 0.
10:34 of 1st period - Anthony Richard wins face-off versus Theodor Blueger in neutral zone.
10:41 of 1st period - Theodor Blueger is hit by Jeremy Lauzon and loses puck.
11:00 of 1st period - Pierre Engvall is hit by Brett Kulak and loses puck.
11:07 of 1st period - Snap shot by Cole Ully.
11:07 of 1st period - Shot Misses the Net.
11:40 of 1st period - Snap shot by Alex Henriksson.
11:40 of 1st period - Shot Blocked by Matt Roy.
11:46 of 1st period - Wrist shot by Artturi Lehkonen.
11:46 of 1st period - Shot Misses the Net.
12:06 of 1st period - Wrist shot by Theodor Blueger.
12:06 of 1st period - Stopped by Emil Larmi with a rebound.
12:12 of 1st period - Backhand shot by William Carrier.
12:12 of 1st period - Stopped by Emil Larmi with a rebound.
12:22 of 1st period - Wrist shot by Emil Pettersson.
12:22 of 1st period - Stopped by Emil Larmi with a rebound.
12:30 of 1st period - Wrist shot by Dylan Sikura.
12:30 of 1st period - Shot Misses the Net.
12:32 of 1st period - Slapshot by Jeremy Lauzon.
12:32 of 1st period - Deflect By Kurtis Macdermid.
12:32 of 1st period - Stopped by Kevin Mandolese with a rebound.
12:34 of 1st period - Slapshot by Henri Jokiharju.
12:34 of 1st period - Shot Misses the Net.
12:42 of 1st period - Snap shot by Anthony Richard.
12:42 of 1st period - Shot Misses the Net.
12:44 of 1st period - Snap shot by Jeremy Lauzon.
12:44 of 1st period - Deflect By Michael Rasmussen.
12:44 of 1st period - Shot Misses the Net.
12:44 of 1st period - Puck is out of play.
12:45 of 1st period - Theodor Blueger wins face-off versus Rourke Chartier in Barracuda zone.
13:16 of 1st period - Frederic Allard is hit by Nikolai Kovalenko and loses puck.
13:23 of 1st period - Slapshot by Cole Ully.
13:23 of 1st period - Goal by Cole Ully - Barracuda : 2 - Thunderbirds : 0.
13:24 of 1st period - Emil Pettersson wins face-off versus Rourke Chartier in neutral zone.
13:30 of 1st period - Minor Penalty to Joachim Blichfeld for Hooking.
13:31 of 1st period - Emil Pettersson wins face-off versus Trent Frederic in Thunderbirds zone.
13:33 of 1st period - Backhand shot by Emil Pettersson.
13:33 of 1st period - Deflect By Kurtis Macdermid.
13:33 of 1st period - Shot Misses the Net.
13:33 of 1st period - Puck is out of play.
13:34 of 1st period - Trent Frederic wins face-off versus Emil Pettersson in Thunderbirds zone.
13:59 of 1st period - Minor Penalty to Jaedon Descheneau for High sticking.
14:00 of 1st period - Rourke Chartier wins face-off versus Emil Pettersson in Barracuda zone.
15:30 of 1st period - Penalty to Joachim Blichfeld is over, Joachim Blichfeld is back on ice.
15:31 of 1st period - Wrist shot by Kurtis Macdermid.
15:31 of 1st period - Shot Blocked by Joachim Blichfeld.
15:33 of 1st period - Slapshot by Mac Hollowell.
15:33 of 1st period - Shot Blocked by Joachim Blichfeld.
15:39 of 1st period - Snap shot by Alex Henriksson.
15:39 of 1st period - Shot Blocked by Jeremy Lauzon.
15:59 of 1st period - Penalty to Jaedon Descheneau is over, Jaedon Descheneau is back on ice.
16:25 of 1st period - Kyle Platzer is hit by Rasmus Kupari and loses puck.
16:37 of 1st period - Snap shot by Alex Lintuniemi.
16:37 of 1st period - Stopped by Emil Larmi without a rebound.
16:38 of 1st period - Trent Frederic wins face-off versus Theodor Blueger in Thunderbirds zone.
17:03 of 1st period - Luke Martin is hit by Henri Jokiharju and loses puck.
17:08 of 1st period - Wrist shot by Joachim Blichfeld.
17:08 of 1st period - Shot Blocked by Luke Martin.
17:10 of 1st period - Slapshot by Dylan Blujus.
17:10 of 1st period - Shot Misses the Net.
17:12 of 1st period - Snap shot by Joachim Blichfeld.
17:12 of 1st period - Deflect By Pierre Engvall.
17:12 of 1st period - Stopped by Kevin Mandolese with a rebound.
17:14 of 1st period - Slapshot by Matt Roy.
17:14 of 1st period - Shot Blocked by Jordan Gross.
18:17 of 1st period - Wrist shot by Cole Ully.
18:17 of 1st period - Shot Misses the Net.
18:19 of 1st period - Slapshot by Cole Ully.
18:19 of 1st period - Stopped by Emil Larmi without a rebound.
18:20 of 1st period - Dylan Sikura wins face-off versus Emil Pettersson in Thunderbirds zone.
18:54 of 1st period - Theodor Blueger is hit by Joachim Blichfeld and loses puck.
19:34 of 1st period - Snap shot by Trey Fix-Wolansky.
19:34 of 1st period - Shot Misses the Net.
19:44 of 1st period - Anthony Richard is hit by Emil Pettersson and loses puck.
Goals for this period are 2 for Barracuda vs 0 for Thunderbirds.
Shots for this period are 10 for Barracuda vs 5 for Thunderbirds.
2nd period
0:01 of 2nd period - Rourke Chartier wins face-off versus Emil Pettersson in neutral zone.
0:57 of 2nd period - Minor Penalty to Emil Bemstrom for Delaying the game.
0:58 of 2nd period - Pierre Engvall wins face-off versus Emil Pettersson in Thunderbirds zone.
1:26 of 2nd period - Snap shot by William Carrier.
1:26 of 2nd period - Shot Misses the Net.
2:45 of 2nd period - Jeremy Lauzon is hit by William Carrier and loses puck.
2:57 of 2nd period - Penalty to Emil Bemstrom is over, Emil Bemstrom is back on ice.
3:16 of 2nd period - Snap shot by Cole Ully.
3:16 of 2nd period - Shot Blocked by Henri Jokiharju.
3:34 of 2nd period - Snap shot by Alex Henriksson.
3:34 of 2nd period - Shot Misses the Net.
3:53 of 2nd period - Icing by Dennis Cholowski.
3:54 of 2nd period - Anthony Richard wins face-off versus Kyle Platzer in Barracuda zone.
3:55 of 2nd period - Snap shot by Dylan Sikura.
3:55 of 2nd period - Goal by Dylan Sikura - Barracuda : 2 - Thunderbirds : 1.
3:56 of 2nd period - Emil Pettersson wins face-off versus Rourke Chartier in neutral zone.
4:03 of 2nd period - Dylan Blujus is hit by Kurtis Macdermid and loses puck.
4:32 of 2nd period - Snap shot by Anthony Richard.
4:32 of 2nd period - Shot Misses the Net.
4:34 of 2nd period - Wrist shot by Dylan Blujus.
4:34 of 2nd period - Stopped by Kevin Mandolese with a rebound.
4:44 of 2nd period - Luke Martin is hit by Paul Cotter and loses puck.
4:51 of 2nd period - Snap shot by Trey Fix-Wolansky.
4:51 of 2nd period - Stopped by Kevin Mandolese with a rebound.
4:53 of 2nd period - Slapshot by Frederic Allard.
4:53 of 2nd period - Shot Misses the Net.
4:55 of 2nd period - Snap shot by Sami Niku.
4:55 of 2nd period - Shot Misses the Net.
4:57 of 2nd period - Slapshot by Sami Niku.
4:57 of 2nd period - Deflect By Trey Fix-Wolansky.
4:57 of 2nd period - Shot Misses the Net.
4:57 of 2nd period - Puck is out of play.
4:58 of 2nd period - Rourke Chartier wins face-off versus Emil Pettersson in Barracuda zone.
5:01 of 2nd period - Snap shot by Joachim Blichfeld.
5:01 of 2nd period - Deflect By Rourke Chartier.
5:01 of 2nd period - Shot Misses the Net.
5:01 of 2nd period - Puck is out of play.
5:02 of 2nd period - Emil Pettersson wins face-off versus Rourke Chartier in Barracuda zone.
5:02 of 2nd period - Emil Pettersson is hit by Henri Jokiharju.
6:16 of 2nd period - Snap shot by Alex Henriksson.
6:16 of 2nd period - Stopped by Emil Larmi with a rebound.
6:36 of 2nd period - Snap shot by Kurtis Macdermid.
6:36 of 2nd period - Stopped by Emil Larmi with a rebound.
6:38 of 2nd period - Snap shot by Kurtis Macdermid.
6:38 of 2nd period - Shot Misses the Net.
6:40 of 2nd period - Backhand shot by Emil Pettersson.
6:40 of 2nd period - Shot Misses the Net.
7:02 of 2nd period - Icing by Matt Roy.
7:03 of 2nd period - Emil Pettersson wins face-off versus Anthony Richard in Thunderbirds zone.
7:46 of 2nd period - Slapshot by Anthony Richard.
7:46 of 2nd period - Stopped by Kevin Mandolese with a rebound.
8:38 of 2nd period - Joachim Blichfeld is hit by Jordan Gross and loses puck.
9:03 of 2nd period - Wrist shot by Emil Bemstrom.
9:03 of 2nd period - Deflect By Artturi Lehkonen.
9:03 of 2nd period - Stopped by Kevin Mandolese with a rebound.
9:37 of 2nd period - Snap shot by Kurtis Macdermid.
9:37 of 2nd period - Shot Misses the Net.
9:47 of 2nd period - Slapshot by Rourke Chartier.
9:47 of 2nd period - Shot Misses the Net.
10:25 of 2nd period - Snap shot by Emil Bemstrom.
10:25 of 2nd period - Shot Blocked by Luke Martin.
10:27 of 2nd period - Snap shot by Emil Bemstrom.
10:27 of 2nd period - Deflect By Artturi Lehkonen.
10:27 of 2nd period - Goal by Artturi Lehkonen - Barracuda : 2 - Thunderbirds : 2.
10:28 of 2nd period - Emil Pettersson wins face-off versus Rourke Chartier in neutral zone.
10:37 of 2nd period - Wrist shot by Joachim Blichfeld.
10:37 of 2nd period - Deflect By Pierre Engvall.
10:37 of 2nd period - Stopped by Kevin Mandolese with a rebound.
10:39 of 2nd period - Wrist shot by Rourke Chartier.
10:39 of 2nd period - Stopped by Kevin Mandolese with a rebound.
10:41 of 2nd period - Snap shot by Sami Niku.
10:41 of 2nd period - Shot Misses the Net.
10:55 of 2nd period - Frederic Allard is hit by Brett Kulak.
11:50 of 2nd period - Alexei Toropchenko is hit by Pierre Engvall.
12:17 of 2nd period - Minor Penalty to Frederic Allard for High sticking.
12:18 of 2nd period - Emil Pettersson wins face-off versus Trent Frederic in Thunderbirds zone.
12:19 of 2nd period - Wrist shot by Kurtis Macdermid.
12:19 of 2nd period - Shot Blocked by Jeremy Lauzon.
12:21 of 2nd period - Snap shot by Kurtis Macdermid.
12:21 of 2nd period - Shot Misses the Net.
12:23 of 2nd period - Slapshot by Luke Martin.
12:23 of 2nd period - Stopped by Emil Larmi without a rebound.
12:24 of 2nd period - Trent Frederic wins face-off versus Emil Pettersson in Thunderbirds zone.
12:32 of 2nd period - Off-side.
12:33 of 2nd period - Emil Pettersson wins face-off versus Trent Frederic in neutral zone.
12:38 of 2nd period - Wrist shot by Thomas Gobeil.
12:38 of 2nd period - Shot Misses the Net.
12:40 of 2nd period - Slapshot by Kurtis Macdermid.
12:40 of 2nd period - Stopped by Emil Larmi without a rebound.
12:41 of 2nd period - Emil Pettersson wins face-off versus Trent Frederic in Thunderbirds zone.
12:42 of 2nd period - Wrist shot by Kurtis Macdermid.
12:42 of 2nd period - Shot Blocked by Jeremy Lauzon.
12:53 of 2nd period - Icing by Brett Kulak.
12:54 of 2nd period - Emil Pettersson wins face-off versus Trent Frederic in Barracuda zone.
13:09 of 2nd period - Wrist shot by Kurtis Macdermid.
13:09 of 2nd period - Stopped by Emil Larmi without a rebound.
13:10 of 2nd period - Trent Frederic wins face-off versus Emil Pettersson in Thunderbirds zone.
13:10 of 2nd period - Trent Frederic is hit by Kurtis Macdermid.
13:34 of 2nd period - Pierre Engvall is hit by Theodor Blueger and loses puck.
14:17 of 2nd period - Penalty to Frederic Allard is over, Frederic Allard is back on ice.
14:32 of 2nd period - Snap shot by Dylan Sikura.
14:32 of 2nd period - Shot Misses the Net.
14:38 of 2nd period - Snap shot by Kyle Platzer.
14:38 of 2nd period - Stopped by Emil Larmi with a rebound.
14:40 of 2nd period - Slapshot by Luke Martin.
14:40 of 2nd period - Stopped by Emil Larmi with a rebound.
14:42 of 2nd period - Slapshot by Jordan Gross.
14:42 of 2nd period - Shot Blocked by Sami Niku.
14:58 of 2nd period - Wrist shot by Joachim Blichfeld.
14:58 of 2nd period - Shot Misses the Net.
15:12 of 2nd period - Slapshot by Dylan Blujus.
15:12 of 2nd period - Stopped by Kevin Mandolese with a rebound.
15:14 of 2nd period - Slapshot by Dylan Blujus.
15:14 of 2nd period - Deflect By William Carrier.
15:14 of 2nd period - Stopped by Kevin Mandolese with a rebound.
15:16 of 2nd period - Slapshot by Dylan Blujus.
15:16 of 2nd period - Shot Misses the Net.
15:47 of 2nd period - Snap shot by Emil Bemstrom.
15:47 of 2nd period - Deflect By Rourke Chartier.
15:47 of 2nd period - Shot Misses the Net.
15:47 of 2nd period - Puck is out of play.
15:48 of 2nd period - Emil Pettersson wins face-off versus Rourke Chartier in Barracuda zone.
15:48 of 2nd period - Emil Pettersson is hit by Matt Roy.
16:16 of 2nd period - Snap shot by William Carrier.
16:16 of 2nd period - Deflect By Jaedon Descheneau.
16:16 of 2nd period - Shot Blocked by Matt Roy.
16:16 of 2nd period - Puck is out of play.
16:17 of 2nd period - Anthony Richard wins face-off versus Theodor Blueger in Thunderbirds zone.
16:17 of 2nd period - Anthony Richard is hit by Theodor Blueger.
16:41 of 2nd period - Anthony Richard is hit by Thomas Gobeil and loses puck.
17:42 of 2nd period - Snap shot by William Carrier.
17:42 of 2nd period - Stopped by Emil Larmi without a rebound.
17:43 of 2nd period - Theodor Blueger wins face-off versus Trent Frederic in Thunderbirds zone.
17:44 of 2nd period - Wrist shot by William Carrier.
17:44 of 2nd period - Stopped by Emil Larmi with a rebound.
17:46 of 2nd period - Slapshot by Brett Kulak.
17:46 of 2nd period - Stopped by Emil Larmi with a rebound.
17:48 of 2nd period - Wrist shot by Theodor Blueger.
17:48 of 2nd period - Shot Misses the Net.
17:50 of 2nd period - Snap shot by Brett Kulak.
17:50 of 2nd period - Deflect By Artturi Lehkonen.
17:50 of 2nd period - Stopped by Emil Larmi without a rebound.
17:51 of 2nd period - Emil Pettersson wins face-off versus Rourke Chartier in Thunderbirds zone.
18:08 of 2nd period - Snap shot by Joachim Blichfeld.
18:08 of 2nd period - Shot Misses the Net.
18:42 of 2nd period - Slapshot by Kyle Platzer.
18:42 of 2nd period - Stopped by Emil Larmi without a rebound.
18:43 of 2nd period - Anthony Richard wins face-off versus Emil Pettersson in Thunderbirds zone.
19:23 of 2nd period - Wrist shot by Joachim Blichfeld.
19:23 of 2nd period - Stopped by Kevin Mandolese without a rebound.
19:24 of 2nd period - Rourke Chartier wins face-off versus Kyle Platzer in Barracuda zone.
19:32 of 2nd period - Off-side.
19:33 of 2nd period - Kyle Platzer wins face-off versus Rourke Chartier in neutral zone.
19:42 of 2nd period - Slapshot by Cole Ully.
19:42 of 2nd period - Stopped by Emil Larmi with a rebound.
19:44 of 2nd period - Slapshot by Mac Hollowell.
19:44 of 2nd period - Shot Misses the Net.
19:54 of 2nd period - Wrist shot by Cole Ully.
19:54 of 2nd period - Stopped by Emil Larmi without a rebound.
19:55 of 2nd period - Anthony Richard wins face-off versus Emil Pettersson in Thunderbirds zone.
Goals for this period are 0 for Barracuda vs 2 for Thunderbirds.
Shots for this period are 14 for Barracuda vs 11 for Thunderbirds.
3rd period
0:01 of 3rd period - Kurtis Macdermid wins face-off versus Rourke Chartier in neutral zone.
0:07 of 3rd period - Off-side.
0:08 of 3rd period - Rourke Chartier wins face-off versus Emil Pettersson in neutral zone.
0:10 of 3rd period - Off-side.
0:11 of 3rd period - Emil Pettersson wins face-off versus Rourke Chartier in neutral zone.
0:20 of 3rd period - Slapshot by Jeremy Lauzon.
0:20 of 3rd period - Stopped by Kevin Mandolese with a rebound.
0:37 of 3rd period - Mac Hollowell is hit by Dylan Sikura and loses puck.
0:50 of 3rd period - Backhand shot by Anthony Richard.
0:50 of 3rd period - Goal by Anthony Richard - Barracuda : 2 - Thunderbirds : 3.
0:51 of 3rd period - Emil Pettersson wins face-off versus Rourke Chartier in neutral zone.
0:54 of 3rd period - Wrist shot by Emil Pettersson.
0:54 of 3rd period - Shot Blocked by Henri Jokiharju.
1:43 of 3rd period - Slapshot by Jacob Peterson.
1:43 of 3rd period - Stopped by Emil Larmi with a rebound.
2:03 of 3rd period - Emil Pettersson is hit by Joachim Blichfeld and loses puck.
3:03 of 3rd period - Slapshot by Kurtis Macdermid.
3:03 of 3rd period - Shot Blocked by Emil Bemstrom.
3:29 of 3rd period - Slapshot by Rourke Chartier.
3:29 of 3rd period - Stopped by Kevin Mandolese without a rebound.
3:30 of 3rd period - Emil Pettersson wins face-off versus Michael Rasmussen in Barracuda zone.
4:44 of 3rd period - Sami Niku is hit by Alexei Toropchenko and loses puck.
4:55 of 3rd period - Backhand shot by Sami Niku.
4:55 of 3rd period - Deflect By Michael Rasmussen.
4:55 of 3rd period - Stopped by Kevin Mandolese with a rebound.
5:05 of 3rd period - Wrist shot by Kurtis Macdermid.
5:05 of 3rd period - Deflect By Anthony Richard.
5:05 of 3rd period - Stopped by Emil Larmi with a rebound.
5:41 of 3rd period - Slapshot by Cole Ully.
5:41 of 3rd period - Shot Misses the Net.
5:43 of 3rd period - Snap shot by Kyle Platzer.
5:43 of 3rd period - Goal by Kyle Platzer - Barracuda : 3 - Thunderbirds : 3.
5:44 of 3rd period - Emil Pettersson wins face-off versus Rourke Chartier in neutral zone.
6:11 of 3rd period - Jeremy Lauzon is hit by Theodor Blueger and loses puck.
6:20 of 3rd period - Wrist shot by Dylan Sikura.
6:20 of 3rd period - Shot Misses the Net.
6:52 of 3rd period - Slapshot by Jeremy Lauzon.
6:52 of 3rd period - Shot Misses the Net.
7:15 of 3rd period - Emil Pettersson is hit by Jeremy Lauzon and loses puck.
7:30 of 3rd period - Thomas Gobeil is hit by Dylan Sikura and loses puck.
8:02 of 3rd period - Luke Martin is hit by Artturi Lehkonen and loses puck.
8:17 of 3rd period - Frederic Allard is hit by Jordan Gross and loses puck.
8:54 of 3rd period - Slapshot by Rourke Chartier.
8:54 of 3rd period - Deflect By Pierre Engvall.
8:54 of 3rd period - Stopped by Kevin Mandolese with a rebound.
9:02 of 3rd period - Wrist shot by Kyle Platzer.
9:02 of 3rd period - Shot Misses the Net.
9:23 of 3rd period - Off-side.
9:24 of 3rd period - Anthony Richard wins face-off versus Kyle Platzer in neutral zone.
9:51 of 3rd period - Slapshot by Brett Kulak.
9:51 of 3rd period - Shot Misses the Net.
10:19 of 3rd period - Snap shot by Jacob Peterson.
10:19 of 3rd period - Shot Misses the Net.
10:21 of 3rd period - Wrist shot by Jacob Peterson.
10:21 of 3rd period - Shot Misses the Net.
11:04 of 3rd period - Jordan Gross is hit by Anthony Richard and loses puck.
11:17 of 3rd period - Slapshot by Emil Bemstrom.
11:17 of 3rd period - Shot Misses the Net.
11:25 of 3rd period - Slapshot by Luke Martin.
11:25 of 3rd period - Stopped by Emil Larmi with a rebound.
11:27 of 3rd period - Wrist shot by Kyle Platzer.
11:27 of 3rd period - Shot Blocked by Jeremy Lauzon.
11:31 of 3rd period - Snap shot by Cole Ully.
11:31 of 3rd period - Shot Misses the Net.
11:37 of 3rd period - Wrist shot by Nikolai Kovalenko.
11:37 of 3rd period - Stopped by Emil Larmi with a rebound.
11:39 of 3rd period - Slapshot by Luke Martin.
11:39 of 3rd period - Shot Blocked by Jeremy Lauzon.
11:41 of 3rd period - Wrist shot by Nikolai Kovalenko.
11:41 of 3rd period - Shot Misses the Net.
11:43 of 3rd period - Wrist shot by Kyle Platzer.
11:43 of 3rd period - Deflect By Nikolai Kovalenko.
11:43 of 3rd period - Shot Blocked by Jeremy Lauzon.
11:43 of 3rd period - Puck is out of play.
11:44 of 3rd period - Emil Pettersson wins face-off versus Rourke Chartier in Thunderbirds zone.
11:45 of 3rd period - Snap shot by Kurtis Macdermid.
11:45 of 3rd period - Stopped by Emil Larmi with a rebound.
12:32 of 3rd period - Alexei Toropchenko is hit by Rasmus Kupari and loses puck.
12:51 of 3rd period - Snap shot by Rourke Chartier.
12:51 of 3rd period - Shot Blocked by Thomas Gobeil.
12:53 of 3rd period - Slapshot by Frederic Allard.
12:53 of 3rd period - Stopped by Kevin Mandolese without a rebound.
12:54 of 3rd period - Emil Pettersson wins face-off versus Joachim Blichfeld in Barracuda zone.
12:59 of 3rd period - Frederic Allard is hit by Thomas Gobeil and loses puck.
13:38 of 3rd period - Wrist shot by Rasmus Kupari.
13:38 of 3rd period - Stopped by Kevin Mandolese without a rebound.
13:39 of 3rd period - Trey Fix-Wolansky wins face-off versus Emil Pettersson in Barracuda zone.
13:55 of 3rd period - Backhand shot by Kurtis Macdermid.
13:55 of 3rd period - Shot Misses the Net.
14:47 of 3rd period - Slapshot by Alex Henriksson.
14:47 of 3rd period - Stopped by Emil Larmi with a rebound.
14:49 of 3rd period - Slapshot by Mac Hollowell.
14:49 of 3rd period - Shot Misses the Net.
14:51 of 3rd period - Slapshot by Brett Kulak.
14:51 of 3rd period - Shot Misses the Net.
14:53 of 3rd period - Wrist shot by Jacob Peterson.
14:53 of 3rd period - Stopped by Emil Larmi without a rebound.
14:54 of 3rd period - Jacob Peterson wins face-off versus Trent Frederic in Thunderbirds zone.
15:07 of 3rd period - Snap shot by Emil Bemstrom.
15:07 of 3rd period - Shot Misses the Net.
15:09 of 3rd period - Snap shot by Artturi Lehkonen.
15:09 of 3rd period - Deflect By Emil Bemstrom.
15:09 of 3rd period - Stopped by Kevin Mandolese with a rebound.
15:11 of 3rd period - Wrist shot by Trent Frederic.
15:11 of 3rd period - Shot Blocked by Mac Hollowell.
15:13 of 3rd period - Snap shot by Artturi Lehkonen.
15:13 of 3rd period - Stopped by Kevin Mandolese with a rebound.
15:15 of 3rd period - Slapshot by Matt Roy.
15:15 of 3rd period - Stopped by Kevin Mandolese with a rebound.
15:17 of 3rd period - Slapshot by Matt Roy.
15:17 of 3rd period - Deflect By Jacob Peterson.
15:17 of 3rd period - Stopped by Kevin Mandolese with a rebound.
15:19 of 3rd period - Slapshot by Matt Roy.
15:19 of 3rd period - Stopped by Kevin Mandolese without a rebound.
15:20 of 3rd period - Emil Pettersson wins face-off versus Rourke Chartier in Barracuda zone.
15:58 of 3rd period - Off-side.
15:59 of 3rd period - Emil Pettersson wins face-off versus Trent Frederic in neutral zone.
18:42 of 3rd period - Icing by Frederic Allard.
18:43 of 3rd period - Trent Frederic wins face-off versus Emil Pettersson in Thunderbirds zone.
19:28 of 3rd period - Snap shot by Alex Henriksson.
19:28 of 3rd period - Shot Blocked by Rourke Chartier.
19:30 of 3rd period - Snap shot by Kyle Platzer.
19:30 of 3rd period - Goal by Kyle Platzer - Barracuda : 4 - Thunderbirds : 3.
19:31 of 3rd period - Rourke Chartier wins face-off versus Emil Pettersson in neutral zone.
19:34 of 3rd period - Thunderbirds, Emil Larmi is pulled from the net.
19:34 of 3rd period - Slapshot by Joachim Blichfeld.
19:34 of 3rd period - Shot Misses the Net.
19:36 of 3rd period - Wrist shot by Rourke Chartier.
19:36 of 3rd period - Stopped by Kevin Mandolese with a rebound.
19:38 of 3rd period - Slapshot by Pierre Engvall.
19:38 of 3rd period - Thunderbirds goal is going for a video replay.
19:38 of 3rd period - The goal is good.
19:38 of 3rd period - Goal by Pierre Engvall - Barracuda : 4 - Thunderbirds : 4.
19:38 of 3rd period - Emil Larmi from Thunderbirds was sent back in the game.
19:39 of 3rd period - Theodor Blueger wins face-off versus Trent Frederic in neutral zone.
19:46 of 3rd period - Wrist shot by Theodor Blueger.
19:46 of 3rd period - Shot Misses the Net.
19:52 of 3rd period - Jaedon Descheneau is hit by Emil Bemstrom and loses puck.
Goals for this period are 2 for Barracuda vs 2 for Thunderbirds.
Shots for this period are 9 for Barracuda vs 14 for Thunderbirds.
Overtime #1
0:01 of 1st overtime period - William Carrier wins face-off versus Rourke Chartier in neutral zone.
0:08 of 1st overtime period - Slapshot by Kurtis Macdermid.
0:08 of 1st overtime period - Stopped by Emil Larmi with a rebound.
0:10 of 1st overtime period - Slapshot by Brett Kulak.
0:10 of 1st overtime period - Shot Misses the Net.
0:12 of 1st overtime period - Snap shot by Kurtis Macdermid.
0:12 of 1st overtime period - Shot Misses the Net.
0:33 of 1st overtime period - Snap shot by Emil Pettersson.
0:33 of 1st overtime period - Shot Misses the Net.
1:55 of 1st overtime period - Alex Henriksson is hit by Pierre Engvall.
3:00 of 1st overtime period - Wrist shot by Theodor Blueger.
3:00 of 1st overtime period - Shot Misses the Net.
3:02 of 1st overtime period - Slapshot by Mac Hollowell.
3:02 of 1st overtime period - Goal by Mac Hollowell - Barracuda : 5 - Thunderbirds : 4.
Goals for this period are 1 for Barracuda vs 0 for Thunderbirds.
Shots for this period are 2 for Barracuda vs 0 for Thunderbirds.